 Dungeon Crawl Stone Soup version 0.30-a0-364-gf6b3ef1049 (webtiles) character file.

Game seed: 507839560602172532

13 mcwallace the Sneak (level 2, 0/13 HPs)
             Began as a Spriggan Enchanter on Nov 16, 2022.
             Was a Follower of Cheibriados.
             Slain by an endoplasm (3 damage)
             ... on level 1 of the Dungeon.
             The game lasted 00:01:29 (173 turns).

mcwallace the Sneak (Spriggan Enchanter)             Turns: 173, Time: 00:01:30

Health: 0/13       AC:  2    Str:  6    XL:     2   Next: 24%
Magic:  6/6        EV: 17    Int: 18    God:    Cheibriados [*.....]
Gold:   5          SH:  0    Dex: 17    Spells: 6/6 levels left

rFire   . . .      SeeInvis +    a - +1 dagger {short}
rCold   . . .      Faith    .    (no shield)
rNeg    . . .      Spirit   .    b - +0 robe
rPois   .          Reflect  .    (helmet restricted)
rElec   .          Harm     .    (no cloak)
rCorr   .          Rampage  .    (gloves unavailable)
Will    .....                    (boots unavailable)
Stlth   +++.......               (no amulet)
HPRegen 0.22/turn                (no ring)
MPRegen 0.10/turn                (no ring)

@: no status effects
A: very small, no large weapons, unfitting armour, see invisible, speed 3
a: Renounce Religion, Bend Time


You were on level 1 of the Dungeon.
You worshipped Cheibriados.
Cheibriados was aware of your devotion.
You visited 1 branch of the dungeon, and saw 1 of its levels.

You collected 5 gold pieces.


Innate Abilities, Weirdness & Mutations

You are very small and have problems with some larger weapons.
You are too small for most types of armour.
You have supernaturally acute eyesight. (SInv)
You cover ground extremely quickly. (Speed+++)


   Skills:
 + Level 0.3 Fighting
 + Level 1.4 Short Blades
 + Level 2.9 Dodging
 + Level 4.7 Stealth
 + Level 2.9 Spellcasting
 + Level 3.8 Hexes


You had 6 spell levels left.
You didn't know any spells.
Your spell library contained the following spells:

 Spells                   Type           Power      Damage    Failure   Level
 Confusing Touch          Hex            16%        N/A       11%         3
 Tukima's Dance           Hex            16%        N/A       11%         3
 Ensorcelled Hibernation  Hex/Ice        18%        N/A       12%         2
 Dazzling Flash           Conj/Hex       18%        N/A       22%         3
 Freezing Cloud           Conj/Ice/Air   1%         6-21      99%         5
 Simulacrum               Ice/Necr       1%         N/A       100%        6
 Polar Vortex             Ice            1%         N/A       100%        9

Inventory:

Hand Weapons
 a - a +1 dagger (weapon) {short}
Armour
 b - a +0 robe (worn)
Scrolls
 e - a scroll of enchant weapon {unknown}
Potions
 c - 2 potions of invisibility
 d - a potion of flight {unknown}

Dungeon Overview and Level Annotations

Branches:
Dungeon (1/15) Zot: 8813

Altars:
Cheibriados

##...# .. ...........≈.
...#...... ... .........≈≈
...#####.. ..# ........# ...#
#.# ###.?.#...##
...#########.####..........##
....... >................!...
...#######...###.lK#$........
...#####....#...#Jg..†......$
...........#..8.@#.#.........
...####....#.8..####.........
...# #....#...#_# #.........
#### #.....#⌠#∩#...#........
#....#####..8.#........
#....# .8..#........ #.....
..#........ #....## ##.[..
##...


You could see an endoplasm, a goblin, a kobold and a frilled lizard.


Message History

There is a faded altar of an unknown god here. 😕 HP[-1]
You take 1 damage, and now have 8/9 hp.
You barely miss the endoplasm. The endoplasm closely misses you.
You hit the endoplasm. The endoplasm misses you.
You barely miss the endoplasm. The endoplasm freezes you.
You are frozen. 😕 HP[-1]
You take 1 damage, and now have 7/9 hp.
You hit the endoplasm. The endoplasm completely misses you.
You hit the endoplasm.
You kill the endoplasm!
You have reached level 2! 😕 HP[+3] MP[+1]
You now have 13 max hp (+4).
You regained 3 hp, and now have 10/13 hp.
Your mp is fully restored (6).
This altar belongs to (a) Uskayaw, (b) Ignis or (c) Cheibriados, but you can't tell which.
Press the corresponding letter to learn more about a god, or press enter to convert or escape to cancel.
Cheibriados accepts your prayer! Cheibriados welcomes you!
Cheibriados begins to support your attributes as your movement slows.
Cheibriados is now slowing the effects of poison on you.
You can now bend time to slow others.
Cheibriados raises the support of your attributes as your movement slows. 😕 HP[+1]
There is a dry fountain here.
A hobgoblin comes into view.
There is a stone staircase leading down here. 😎 HP[+2]
Your hp is fully restored (13).
The hobgoblin shouts!
You hear a shout!
A quokka comes into view.
A goblin comes into view. It is wielding a +0 club.
You hit the hobgoblin. The hobgoblin completely misses you.
You hit the hobgoblin.
You kill the hobgoblin!
An endoplasm and a quokka come into view.
The quokka closely misses you.
A rat comes into view.
The endoplasm quivers.
You hit the quokka.
The quokka bites you but does no damage.
You barely miss the quokka. The quokka closely misses you.
An endoplasm comes into view.
The goblin completely misses you. The quokka misses you.
The endoplasm quivers.
You hit the quokka but do no damage. The goblin closely misses you.
The quokka completely misses you.
You hit the quokka.
You kill the quokka!
Cheibriados appreciates the change of pace.
A kobold comes into view. It is wielding a +0 club.
The goblin hits you but does no damage.
The kobold shouts!
You hit the goblin. The goblin misses you. The quokka bites you. 😕 HP[-3]
You take 3 damage, and now have 10/13 hp.
MASSIVE DAMAGE!! (PAUSE)
The quokka attacks as you move away! The quokka bites you. 😮 HP[-1]
You take 1 damage, and now have 9/13 hp.
A goblin comes into view. It is wielding a +0 club.
The goblin closely misses you. The goblin attacks as you move away!
The goblin misses you. The quokka attacks as you move away!
The quokka misses you. The endoplasm closely misses you.
There is a stone staircase leading down here.
The endoplasm attacks as you move away! The endoplasm closely misses you.
The quokka closely misses you.
There is a dry fountain here. 😕 HP[+1]
You barely miss the quokka.
A frilled lizard comes into view.
The quokka barely misses you.
You completely miss the quokka.
The goblin shouts!
The quokka completely misses you.
You hit the quokka but do no damage. The quokka bites you.
* * * LOW HITPOINT WARNING * * *
😨 HP[-4]
You take 4 damage, and now have 6/13 hp.
MASSIVE DAMAGE!! (PAUSE)
You closely miss the quokka. The quokka misses you.
You hit the quokka. The quokka bites you.
* * * LOW HITPOINT WARNING * * *
😱 HP[-4]
You take 4 damage, and now have 2/13 hp.
MASSIVE DAMAGE!! (PAUSE)
You hit the quokka but do no damage. The quokka completely misses you.
You hit the quokka. The quokka closely misses you.
You hit the quokka.
You kill the quokka!
Cheibriados appreciates the change of pace.
You hit the endoplasm.
The endoplasm hits you but does no damage. 😱 HP[+1]
You hit the endoplasm. The endoplasm closely misses you.
You barely miss the endoplasm. The endoplasm hits you.
You die...

Action                   || total
-------------------------++-------
Melee: Dagger            ||    35
 Stab: Sleeping          ||     2
Armor: Robe              ||     4
Dodge: Dodged            ||    29

Levels and vault maps discovered:
D:1:      wander_arrival_desolate, layout_rooms, shapermc_ecumenical_altar_venn,
          serial_shops, shop, ebering_dispersal_statue_hall,
          chequers_serial_rivers_small_b

Notes
Turn   | Place    | Note
-------+----------+-------------------------------------------
     0 | D:1      | mcwallace the Spriggan Enchanter began the quest for the
                  | Orb.
     0 | D:1      | Reached XP level 1. HP: 9/9 MP: 5/5
     0 | D:1      | magus.rc [v1.9.6]
    50 | D:1      | You pick up a book of Ice and begin reading...
    50 | D:1      | You add the spells Freezing Cloud, Simulacrum and Polar
                  | Vortex to your library.
   120 | D:1      | Found a faded altar of an unknown god.
   133 | D:1      | Reached XP level 2. HP: 10/13 MP: 6/6
   133 | D:1      | Prayed at the altar of an unknown god.
   133 | D:1      | Became a worshipper of Cheibriados the Contemplative
   133 | D:1      | Reached * piety under Cheibriados
   166 | D:1      | HP: 2/13 [quokka (5)]
   173 | D:1      | Slain by an endoplasm

Vanquished Creatures
  A dart slug (D:1)
  A ball python (D:1)
  An endoplasm (D:1)
  A goblin (D:1)
  2 hobgoblins (D:1)
  2 quokkas (D:1)
  A frilled lizard (D:1)
9 creatures vanquished.

Table legend:
 A = Non-vault XP
 B = Vault XP
 C = Vault XP percentage of total XP
 D = Non-vault monster count
 E = Vault monster count
 F = Vault count percentage of total count
                 A         B        C        D         E       F
            +---------+---------+-------+---------+---------+-------
      Total |      19 |       0 |   0.0 |       9 |       0 |   0.0
            +---------+---------+-------+---------+---------+-------
        D:1 |      19 |       0 |   0.0 |       9 |       0 |   0.0
            +---------+---------+-------+---------+---------+-------

Illustrated notes

Table legend:
 A = Kills in this place as a percentage of kills in entire the game.
 B = Kills by you in this place as a percentage of kills by you in the entire game.
 C = Kills by friends in this place as a percentage of kills by friends in the entire game.
 D = Other kills in this place as a percentage of other kills in the entire game.
 E = Experience gained in this place as a percentage of experience gained in the entire game.
 F = Experience gained in this place divided by the number of levels of this place that you have seen.
                   A       B       C       D       E      F
               +-------+-------+-------+-------+-------+----------------------
         Total | 100.0 | 100.0 |   N/A |   N/A | 100.0 |  19.0
       Dungeon | 100.0 | 100.0 |   N/A |   N/A | 100.0 |  19.0
               +-------+-------+-------+-------+-------+----------------------

Table legend: (Time is in decaauts)
 A = Elapsed time spent in this place.
 B = Non-inter-level travel time spent in this place.
 C = Inter-level travel time spent in this place.
 D = Time resting spent in this place.
 E = Time spent auto-exploring this place.
 F = Levels seen in this place.
 G = Mean time per level.
                   A        B        C        D        E       F      G
               +--------+--------+--------+--------+--------+-----+--------+
         Total |    136 |    136 |      0 |      0 |     69 |   1 |  136.0 |
       Dungeon |    136 |    136 |      0 |      0 |     69 |   1 |  136.0 |
               +--------+--------+--------+--------+--------+-----+--------+

Top non-repeatable levels by time:
     D:1: 136 daAuts
